 Dungeon Crawl Stone Soup version 0.24.0-13-gcf9b319 (webtiles) character file.

Game seed: 8465566594224173406, levelgen mode: deterministic

134 Inchmeat the Twirler (level 5, -1/30 HPs)
             Began as a Gargoyle Gladiator on Feb 28, 2020.
             Slain by Sigmund
             ... wielding a +1 scythe of protection
              (7 damage)
             ... on level 2 of the Dungeon.
             The game lasted 00:02:04 (1497 turns).

Inchmeat the Twirler (Gargoyle Gladiator)           Turns: 1497, Time: 00:02:04

Health: -1/30      AC:  8    Str: 18    XL:     5   Next: 17%
Magic:  5/5        EV: 12    Int:  9    God:
Gold:   60         SH:  0    Dex: 11    Spells: 4/4 levels left

rFire    . . .     SeeInvis .   a - +0 quarterstaff
rCold    . . .     Gourm    .   (shield currently unavailable)
rNeg     + . .     Faith    .   b - +0 leather armour
rPois    ∞         Spirit   .   c - +0 helmet
rElec    +         Reflect  .   (no cloak)
rCorr    .         Harm     .   (no gloves)
MR       .....                  (no boots)
Stlth    +.........             (no amulet)
HPRegen  0.10/turn              (no ring)
MPRegen  0.09/turn              (no ring)

@: no status effects
A: negative energy resistance 1, electricity resistance, unbreathing,
petrification resistance, rot immunity, AC +4
a: no special abilities


You were on level 2 of the Dungeon.
You were hungry.

You visited 1 branch of the dungeon, and saw 2 of its levels.

You collected 60 gold pieces.

Inventory:

Hand Weapons
 a - a +0 quarterstaff (weapon)
Armour
 b - a +0 leather armour (worn)
 c - a +0 helmet (worn)
Jewellery
 i - an uncursed ring of ice {unknown}
 l - an uncursed ring of resist corrosion {unknown}
 m - an uncursed ring of flight {unknown}
Scrolls
 e - 3 scrolls of identify {unknown}
 g - a scroll of enchant weapon {unknown}
 h - a scroll of random uselessness {unknown}
 n - a scroll of immolation {unknown}
Potions
 j - a potion of heal wounds {unknown}
 k - a potion of curing {@q1}
Comestibles
 f - 4 rations


   Skills:
 - Level 2.1 Fighting
 + Level 5.7 Staves
 - Level 1.7 Throwing
 - Level 2.4 Dodging


You had 4 spell levels left.
You didn't know any spells.
Your spell library was empty.

Dungeon Overview and Level Annotations

Branches:
Dungeon (2/15)

Altars:

Annotations:
D:2 Sigmund


Innate Abilities, Weirdness & Mutations

You are resistant to torment.
Your stone body is resilient. (AC +4)
You are immune to poison.
You resist negative energy. (rN+)
You are resistant to electric shocks. (rElec)
You can survive without breathing.
You are immune to petrification.
You are immune to rotting.


Message History

Reactivatin' autopickup.
Sigmund hits ye but does nay damage.
Throwin' (i - inventory)
d - a throwin' net (quiv'red)
Press: ? - help, Shift-Dir - straight line, f - Sigmund
Aim: Sigmund, wieldin' a +1 scytha o' protection an' wearin' a +0 robe (almost dead) Ye throw a throwin' net.
Tha throwin' net barely misses Sigmund.
Sigmund hits ye but does nay damage.
Ye hit Sigmund but do nay damage.
Sigmund be almost dead.
Sigmund hits ye but does nay damage.
Ye closely miss Sigmund.
Sigmund be almost dead.
Sigmund hits ye wit' a +1 scytha o' protection.
* * * LOW HITPOINT WARNIN'
* * * Ye completely miss Sigmund.
Sigmund be almost dead.
Ye hit Sigmund but do nay damage.
Sigmund be almost dead.
Sigmund hits ye wit' a +1 scytha o' protection!
Ye die...

.#.#.#.###..#.# #.#
...###...#....# #.#
)###.###.#.##.##### #.#
...........##.#.(.#######.#
...#####.####.#...........#
#######...###.#...#########
..............##.##
#######...#.####@# ##.##.#
#@# #.##.####.# #......##.#
########....(....#
#.......<...#.####
..........###.#
..###.##...)..# ..#
#.##..##### ..# #.##..#


You could see Sigmund.

Vanquished Creatures
  Natasha (thrice) (D:2)
  2 adders (D:2)
  A worm (D:2)
  2 dart slugs (D:2)
  9 goblins
  4 hobgoblins
  A quokka (D:2)
  2 bats (D:1)
  A frilled lizard (D:2)
  6 kobolds
  5 rats
36 creatures vanquished.

Notes
Turn   | Place    | Note
-------+----------+-------------------------------------------
     0 | D:1      | Inchmeat the Gargoyle Gladiator began the quest for the
                  | Orb.
     0 | D:1      | Reached XP level 1. HP: 12/12 MP: 1/1
   143 | D:1      | Reached XP level 2. HP: 17/17 MP: 2/2
   778 | D:2      | Reached skill level 4 in Staves
   815 | D:2      | Reached XP level 3. HP: 19/21 MP: 3/3
   998 | D:2      | Noticed Natasha
  1011 | D:2      | Killed Natasha
  1011 | D:2      | Reached skill level 5 in Staves
  1011 | D:2      | Reached XP level 4. HP: 8/26 MP: 4/4
  1045 | D:2      | Noticed Natasha
  1096 | D:2      | Killed Natasha
  1263 | D:2      | Noticed Natasha
  1273 | D:2      | Killed Natasha
  1273 | D:2      | Reached XP level 5. HP: 18/30 MP: 5/5
  1447 | D:2      | Noticed Sigmund
  1474 | D:2      | HP: 1/30 [something/puff of flame (6)]
  1497 | D:2      | Slain by Sigmund

Levels and vault maps discovered:
D:1:      roderic_chinese_lattice_arrival, layout_basic, minmay_3d_cube
D:2:      layout_loops_ring, minmay_indecisive_spiral, uniq_sigmund,
          uniq_natasha

Skill      XL: |  1  2  3 |
---------------+----------+-----
Staves         | 4 5 |  5.7
Fighting       | |  2.1
Throwing       | |  1.7
Dodging        | |  2.4

Action                   |  1- 3 |  4- 6 || total
-------------------------+-------+-------++-------
Melee: Quarterstaff      |    91 |    36 ||   127
Throw: Throwing net      |     3 |     3 ||     6
  Use: Potion            |     1 |     1 ||     2
  Eat: Chunk             |       |     1 ||     1
Armor: Leather armour    |    23 |    12 ||    35
Dodge: Dodged            |    41 |     9 ||    50
